 Dungeon Crawl Stone Soup version 0.30-a0-1160-g6e42c06 (webtiles) character file.

Game seed: 9342107387005776370

1415 Dorkslayer the Chopper (level 8, -2/49 HPs)
             Began as a Gargoyle Fighter on Apr 25, 2023.
             Was an Initiate of Gozag.
             Slain by Duvessa
             ... wielding a +0 rapier
              (13 damage)
             ... on level 6 of the Dungeon.
             The game lasted 00:10:57 (4022 turns).

Dorkslayer the Chopper (Gargoyle Fighter)           Turns: 4022, Time: 00:10:58

Health: -2/49      AC: 24    Str: 20    XL:     8   Next: 71%
Magic:  8/8        EV: 11    Int:  9    God:    Gozag
Gold:   205        SH:  5    Dex: 11    Spells: 7/7 levels left

rFire   . . .        a - +0 war axe
rCold   . . .        c - +0 buckler
rNeg    + . .        b - +1 plate armour
rPois   ∞            (no helmet)
rElec   +            z - +0 cloak
rCorr   .            (no gloves)
SInv    .            (no boots)
Will    .....        k - amulet of magic regeneration Stlth
                     p - +5 ring of evasion
HPRegen 0.28/turn    s - +4 ring of protection
MPRegen 0.51/turn

%: no passive effects
@: gold aura
A: sickness immunity, AC +5, negative energy resistance 1, electricity
resistance, torment resistance 1, petrification resistance
a: Renounce Religion, Potion Petition, Call Merchant, Bribe Branch


You were on level 6 of the Dungeon.
You worshipped Gozag.
Gozag was aware of your devotion.
You visited 2 branches of the dungeon, and saw 7 of its levels.

You collected 265 gold pieces.
You paid 60 gold pieces to Gozag.

Inventory:

Hand Weapons
 a - a +0 war axe (weapon)
Missiles
 g - 2 throwing nets
 i - 2 boomerangs (quivered)
Armour
 b - a +1 plate armour (worn)
 c - a +0 buckler (worn)
 z - a +0 cloak (worn)
Jewellery
 k - an amulet of magic regeneration (around neck)
 p - a +5 ring of evasion (left hand)
 s - a +4 ring of protection (right hand)
Wands
 u - a wand of polymorph (5)
Scrolls
 m - 2 scrolls of magic mapping
 o - a scroll of amnesia
 x - a scroll of teleportation
 y - 2 scrolls of immolation
Potions
 d - a potion of resistance {unknown}
 e - a potion of curing
 f - 2 potions of cancellation
 h - a potion of berserk rage {unknown}
 j - a potion of brilliance
 l - 3 potions of lignification
 n - a potion of mutation {unknown}
 r - a potion of flight {unknown}
 v - a potion of haste {unknown}


   Skills:
 + Level 5.2 Fighting
 + Level 6.6 Axes
 + Level 0.4 Throwing
 + Level 5.0 Armour
 * Level 3.9 Dodging
 + Level 0.1 Stealth
 + Level 4.4 Shields


You had 7 spell levels left.
You didn't know any spells.
Your spell library contained the following spells:

 Spells                   Type           Power      Damage    Failure   Level
 Necrotise                Necr           0%         1d4       100%        1
 Ensorcelled Hibernation  Hex/Ice        0%         N/A       100%        2
 Passwall                 Tmut/Erth      0%         N/A       100%        2
 Static Discharge         Conj/Air       0%         2-2/arc   100%        2
 Swiftness                Air            0%         N/A       100%        3
 Vampiric Draining        Necr           0%         2d6       100%        3
 Airstrike                Air            0%         2d(0-16)  100%        4
 Summon Lightning Spire   Summ/Air       0%         N/A       100%        4
 Agony                    Necr           0%         N/A       100%        5


Dungeon Overview and Level Annotations

Branches:
Dungeon (6/15)             Temple (1/1) D:5

Altars:
Ashenzari
Cheibriados
Gozag
Hepliaklqana
Kikubaaqudgha
Makhleb
Nemelex Xobeh
Okawaru
Xom
Zin
The Shining One

Shops:
D:3 (   D:4 [

Annotations:
D:4 3 runed translucent doors, ChinnyChinChin's ghost, amateur VSCA
D:6 Duvessa


Innate Abilities, Weirdness & Mutations

You are immune to sickness and miasma.
Your stone body is resilient. (AC +5)
You are immune to poison.
You resist negative energy. (rN+)
You are resistant to electric shocks. (rElec)
You are resistant to unholy torment.
You are immune to petrification.


Message History

Duvessa is almost dead.
You hit the iguana but do no damage. Duvessa hits you but does no damage.
The iguana bites you but does no damage.
Duvessa barely misses you.
You hit Duvessa but do no damage.
Duvessa is almost dead.
You closely miss the iguana. You block Duvessa's attack.
You block the iguana's attack. Duvessa closely misses you.
You hit Duvessa but do no damage.
Duvessa is almost dead.
You closely miss the iguana. You block Duvessa's attack.
The iguana bites you but does no damage.
You hit Duvessa but do no damage.
Duvessa is almost dead.
You hit the iguana.
You kill the iguana!
Duvessa hits you but does no damage. Duvessa barely misses you.
You barely miss Duvessa.
Duvessa is almost dead.
Duvessa barely misses you. Duvessa hits you with a +0 rapier!
* * * LOW HITPOINT WARNING * * *
You feel better. You block Duvessa's attack.
You hit Duvessa but do no damage.
Duvessa is almost dead.
Duvessa hits you with a +0 rapier. Duvessa barely misses you.
An iguana comes into view.
You feel better. Duvessa closely misses you.
You hit Duvessa but do no damage.
Duvessa is almost dead.
You block Duvessa's attack. x2
You barely miss Duvessa.
Duvessa is almost dead.
Duvessa hits you with a +0 rapier!
* * * LOW HITPOINT WARNING * * *
Duvessa hits you but does no damage.
You closely miss Duvessa.
Duvessa is almost dead.
Duvessa hits you with a +0 rapier!
You die...
Your body crumbles into a pile of gold.

.._.....>#####.#......
##.#..##.#####.#..####
.#.. #.....#.#..# ...
#.....# ###. #.....#
#####.# #.....# #
#...... #.....#.#..
#......##..........
#.......$@$........
#......##e#####.##.
........$.........
#......##$.###....
....... ....#
.##.....#...#
.#....#...# ...#..
..... ### .....#


You could see Duvessa (berserk).

Vanquished Creatures
  Eustachio (D:5)
  Menkaure (D:6)
  An orc warrior (D:4)
  An ogre (D:4)
  A bullfrog (D:6)
  3 scorpions
  Dowan (D:6)
  A jelly (D:6)
  2 hounds
  Crazy Yiuf (D:5)
  3 orc priests (D:4)
  2 sleepcaps (D:5)
  Jessica (D:2)
  Ijyb (D:3)
  Natasha (thrice) (D:2)
  3 iguanas
  3 orc wizards
  4 adders
  A white imp (D:5)
  2 ufetubi
  A worm (D:3)
  2 dart slugs
  10 orcs
  A bat (D:3)
  11 endoplasms
  2 giant cockroaches
  19 goblins
  3 hobgoblins
  14 jackals
  4 kobolds
  A quokka (D:1)
  8 ball pythons
  3 frilled lizards
  6 rats
121 creatures vanquished.

Vanquished Creatures (others)
  3 plants (D:1)
3 creatures vanquished.

Grand Total: 124 creatures vanquished

Notes
Turn   | Place    | Note
-------+----------+-------------------------------------------
     0 | D:1      | Dorkslayer the Gargoyle Fighter began the quest for the
                  | Orb.
     0 | D:1      | Reached XP level 1. HP: 14/14 MP: 1/1
   266 | D:1      | Reached XP level 2. HP: 17/19 MP: 2/2
   599 | D:1      | Reached skill level 2 in Axes
   776 | D:2      | Reached XP level 3. HP: 22/23 MP: 3/3
   792 | D:2      | Noticed Jessica
   807 | D:2      | Killed Jessica
   812 | D:2      | Found a shimmering altar of Xom.
   927 | D:2      | Reached skill level 1 in Dodging
   981 | D:2      | Reached XP level 4. HP: 29/29 MP: 4/4
  1034 | D:2      | Noticed Natasha
  1055 | D:2      | Killed Natasha
  1223 | D:2      | Reached XP level 5. HP: 33/33 MP: 5/5
  1232 | D:2      | Noticed Natasha
  1244 | D:2      | Killed Natasha
  1245 | D:2      | Reached skill level 3 in Axes
  1269 | D:2      | Noticed Natasha
  1276 | D:2      | Killed Natasha
  1646 | D:3      | Found a glowing silver altar of Zin.
  1894 | D:3      | Noticed Ijyb
  1912 | D:3      | Killed Ijyb
  1913 | D:3      | Reached XP level 6. HP: 38/38 MP: 6/6
  2003 | D:3      | Found a hazy altar of Hepliaklqana.
  2106 | D:3      | Found Dotivoir's Antique Weapon Boutique.
  2497 | D:4      | Reached skill level 4 in Axes
  2554 | D:4      | Found Ajing's Armour Boutique.
  2619 | D:4      | Found an ancient bone altar of Kikubaaqudgha.
  2646 | D:4      | Noticed an orc warrior
  2668 | D:4      | Killed an orc warrior
  2669 | D:4      | Reached XP level 7. HP: 15/44 MP: 7/7
  2840 | D:4      | Found a snail-covered altar of Cheibriados.
  3007 | D:4      | Found a runed translucent gate.
  3007 | D:4      | Found a runed translucent gate.
  3007 | D:4      | Found a runed translucent gate.
  3011 | D:4      | Noticed ChinnyChinChin's ghost (amateur VSCA)
  3043 | D:4      | Reached skill level 5 in Axes
  3075 | D:4      | Found an iron altar of Okawaru.
  3105 | D:4      | Found a burning altar of Makhleb.
  3105 | D:4      | Noticed a balrug
  3199 | D:5      | Entered Level 5 of the Dungeon
  3232 | D:5      | Noticed Eustachio
  3254 | D:5      | Killed Eustachio
  3255 | D:5      | Reached XP level 8. HP: 46/48 MP: 8/8
  3299 | D:5      | Found a sparkling altar of Nemelex Xobeh.
  3393 | D:5      | Found a staircase to the Ecumenical Temple.
  3399 | Temple   | Entered the Ecumenical Temple
  3407 | Temple   | Became a worshipper of Gozag Ym Sagoz the Greedy
  3653 | D:5      | Found a runed translucent door.
  3654 | D:5      | Noticed Crazy Yiuf
  3661 | D:5      | Killed Crazy Yiuf
  3725 | D:5      | Reached skill level 5 in Fighting
  3725 | D:5      | Reached skill level 6 in Axes
  3946 | D:6      | Found a broken altar of Ashenzari.
  3965 | D:6      | Noticed Duvessa
  3966 | D:6      | Noticed Menkaure
  3967 | D:6      | Noticed Dowan
  3979 | D:6      | Killed Menkaure
  3980 | D:6      | Reached skill level 5 in Armour
  3991 | D:6      | Killed Dowan
  4022 | D:6      | Slain by Duvessa

Illustrated notes

Levels and vault maps discovered:
D:1:      tarquinn_simple_flora_water_e, layout_basic,
          nicolae_kite_square_tiling_tiny, chequers_serial_rivers_room_b
D:2:      layout_rooms, basic_altar, minmay_hexomino_p4, uniq_jessica,
          uniq_natasha
D:3:      kennysheep_goblin_castle, layout_basic,
          mainiacjoe_overflow_tiny_flanked, lemuel_tele_altar, serial_shops,
          nicolae_shop_peninsula, minmay_misc_feat_doors
D:4:      layout_cave_pools, mainiacjoe_overflow_small_starburst,
          kennysheep_okawaru_gauntlet, makhleb_altar_promises_db,
          mainiacjoe_overflow_alcove_1, gammafunk_ghost_split, serial_shops,
          kennysheep_mini
D:5:      layout_cave_pools, lemuel_doored_altar, minmay_temple_entry_hall,
          kennysheep_generic_room_6, uniq_crazy_yiuf_cottage, uniq_eustachio
D:6:      layout_basic, general_overflow_altar, lemuel_crystal_altar,
          nicolae_take_the_stairs, minmay_misc_feat_chi, uniq_duvessa,
          uniq_menkaure, uniq_prince_ribbit1
Temple:   dpeg_chambers_temple

Skill      XL: |  1  2  3  4  5  6  7  8 |
---------------+-------------------------+-----
Axes           | 2 3 4 5 6 |  6.6
Dodging        | 1 2 3 |  3.9
Fighting       | 4 5 |  5.2
Armour         | 4 5 |  5.0
Shields        | 4 |  4.4
Throwing       | |  0.4
Stealth        | |  0.1

Action                     |  1- 3 |  4- 6 |  7- 9 || total
---------------------------+-------+-------+-------++-------
  Melee: War axe           |    82 |   179 |   166 ||   427
  Throw: Boomerang         |       |       |     6 ||     6
    Use: Scroll            |       |     8 |     8 ||    16
         Potion            |       |     2 |     7 ||     9
 Armour: Scale mail        |    38 |    78 |       ||   116
         Skin              |       |    11 |       ||    11
         Chain mail        |       |    16 |       ||    16
         Plate armour      |       |       |   114 ||   114
  Dodge: Dodged            |    34 |   166 |   113 ||   313
  Block: Buckler           |    18 |    51 |    56 ||   125

Table legend: (Time is in decaauts)
 A = Elapsed time spent in this place.
 B = Non-inter-level travel time spent in this place.
 C = Inter-level travel time spent in this place.
 D = Time resting spent in this place.
 E = Time spent auto-exploring this place.
 F = Levels seen in this place.
 G = Mean time per level.
                   A        B        C        D        E       F      G
               +--------+--------+--------+--------+--------+-----+--------+
         Total |   4187 |   4187 |      0 |      8 |   2016 |   7 |  598.1 |
       Dungeon |   4170 |   4170 |      0 |      8 |   2016 |   6 |  695.0 |
        Temple |     16 |     16 |      0 |      0 |      0 |   1 |   16.0 |
               +--------+--------+--------+--------+--------+-----+--------+

Top non-repeatable levels by time:
     D:3: 1118 daAuts
     D:1: 747 daAuts
     D:4: 745 daAuts
     D:2: 721 daAuts
     D:5: 705 daAuts
     D:6: 133 daAuts
  Temple: 16 daAuts
